 Dungeon Crawl Stone Soup version 0.28.0-49-g6dfe1f597d (webtiles) character file.

Game seed: 11955831818505267551

3 Jerry the Chucker (level 1, 19/19 HPs)
             Began as a Troll Hunter on May 18, 2022.
             Was a Follower of Vehumet.
             Quit the game on level 1 of the Dungeon.
             The game lasted 00:00:56 (141 turns).

Jerry the Chucker (Troll Hunter)                     Turns: 141, Time: 00:00:57

Health: 19/19      AC:  4    Str: 19    XL:     1   Next: 41%
Magic:  0/0        EV:  9    Int:  7    God:    Vehumet [*.....]
Gold:   0          SH:  0    Dex: 10    Spells: 0/0 levels left

rFire   . . .      SeeInvis .   a - +0 short sword
rCold   . . .      Faith    .   (no shield)
rNeg    . . .      Spirit   .   b - +0 robe
rPois   .          Reflect  .   (helmet restricted)
rElec   .          Harm     .   (no cloak)
rCorr   .          Rampage  .   (gloves unavailable)
Will    .....                   (boots unavailable)
Stlth   +.........              (no amulet)
HPRegen 0.86/turn               (no ring)
MPRegen 0.07/turn               (no ring)

@: no status effects
A: large, unfitting armour, claws 3, regeneration 1, shaggy fur 1, tough skin 1
a: Renounce Religion


You were on level 1 of the Dungeon.
You worshipped Vehumet.
Vehumet was aware of your devotion.
You visited 1 branch of the dungeon, and saw 1 of its levels.

Inventory:

Hand Weapons
 a - a +0 short sword (weapon)
Missiles
 c - 5 large rocks (quivered)
 d - 2 throwing nets
Armour
 b - a +0 robe (worn)
Scrolls
 e - a scroll of identify {unknown}
 f - a scroll of immolation {unknown}
Potions
 g - a potion of flight {unknown}


   Skills:
 - Level 1.5 Fighting
 + Level 3.7 Throwing
 + Level 1.7 Dodging
 - Level 0.3 Stealth


You couldn't memorise any spells.
You didn't know any spells.
Your spell library was empty.

Dungeon Overview and Level Annotations

Branches:
Dungeon (1/15)

Altars:
Vehumet


Innate Abilities, Weirdness & Mutations

You are too large for most types of armour.
You have claws for hands.
Your natural rate of healing is unusually fast.
You are covered in fur. (AC +1)
You have tough skin. (AC +1)


Message History

There is an escape hatch in the floor here.
g - a metallic red potion
There is an escape hatch in the floor here.
There is an open door here.
You open the door.
Found a hunting sling.
No target in view!
No target in view!
No target in view!
A rat comes into view.
Found a faded altar of an unknown god.
The rat closely misses you.
You barely miss the rat. The rat bites you but does no damage.
You hit the rat but do no damage. The rat closely misses you.
You hit the rat.
You kill the rat!
No target in view!
No target in view!
No target in view!
No target in view!
No target in view!
No target in view!
No target in view!
No target in view!
No target in view!
No target in view!
No target in view!
There is a faded altar of an unknown god here.
You cannot tell which god this altar belongs to.
Convert to them anyway? [Y]es or [N]o only, please.
You cannot tell which god this altar belongs to.
Convert to them anyway?
Vehumet accepts your prayer! Vehumet welcomes you!
You can now gain magical power from killing.
Vehumet offers you knowledge of Shock.
Unknown command.
Press < or > to pray at altars.
Unknown command.
Press < or > to pray at altars.
Are you sure you want to abandon this character and quit the game? (Confirm with "yes".)

#...###........
#..............
##.####........
#.# #.......#
#.####).##....
#####......##
....
#.........##
... #.........#
.. #........@#
#.........#
#.........#
#.........#
#.........#
#.........#
###########


There were no monsters in sight!

Vanquished Creatures
  A giant cockroach (D:1)
  A bat (D:1)
  2 rats (D:1)
4 creatures vanquished.

Notes
Turn   | Place    | Note
-------+----------+-------------------------------------------
     0 | D:1      | Jerry the Troll Hunter began the quest for the Orb.
     0 | D:1      | Reached XP level 1. HP: 19/19 MP: 0/0
   130 | D:1      | Found a faded altar of an unknown god.
   140 | D:1      | Prayed at the altar of an unknown god.
   140 | D:1      | Became a worshipper of Vehumet
   140 | D:1      | Reached * piety under Vehumet
   140 | D:1      | Offered knowledge of Shock by Vehumet.
   141 | D:1      | Quit the game

Illustrated notes

Levels and vault maps discovered:
D:1:      minmay_arrival_four_houses, layout_rooms, basic_ecumenical_altar

Action                   || total
-------------------------++-------
Melee: Short sword       ||    15
Armor: Robe              ||    11
Dodge: Dodged            ||    16
